AoeStats
← Mikey-R2R

Nomad

503153237Analyzed
3v3 RM · 1mo ago on Aug 30, 2026· 52m 1s· 6 players
Game mode
Random Map
Map size
210×210
Population
200
Speed
Normal
Resources
Standard
Victory
Conquest
Starting age
Dark Age
Ending age
Imperial Age
RankedLock teamsTeams togetherTeam positionsShared explorationLock speedFull tech treeHidden civsTurbo modeCheats
Victory
Defeat
🇦🇷 Chinese · Argentina
846
+16
🇧🇷 Mongols · Brazil
823
+17
🇯🇴 Turks · Jordan
808
+18
🇷🇺 Koreans · Russia
856
-17
🇸🇪 Huns · Sweden
855
-17
🇨🇳 Japanese · China
816
-16
MR.ESSA
15:11 Feudal Age
14:52 Loom
17:50 Man-at-Arms
29:08 Castle Age
34:53 Squires
49:48 Imperial Age
47:59 Wheelbarrow
47:10 Town Watch
victoragro7
6:29 Loom
12:54 Feudal Age
28:52 Double-Bit Axe
31:04 Horse Collar
35:49 Castle Age
36:47 Fletching
36:58 Padded Archer Armor
40:06 Leather Archer Armor
39:47 Bodkin Arrow
46:01 Scale Barding Armor
47:34 Ballistics
47:40 Forging
Hueso-carp
3:38 Loom
13:39 Feudal Age
20:06 Castle Age
19:11 Double-Bit Axe
19:12 Fishing Lines
19:53 Gold Mining
21:44 Gillnets
25:14 Wheelbarrow
26:30 Ballistics
26:32 Fletching
28:21 Bodkin Arrow
28:56 Hand Cart
28:56 Bow Saw
30:55 Thumb Ring
31:40 Padded Archer Armor
36:10 Imperial Age
38:25 Chemistry
37:29 Bracer
37:44 Leather Archer Armor
42:44 Elite Chu Ko Nu
47:05 Ring Archer Armor
53:33 Two-Man Saw
ufo
5:03 Loom
17:00 Feudal Age
17:33 Arson
18:26 Wheelbarrow
23:14 Horse Collar
23:42 Fletching
27:08 Man-at-Arms
28:12 Town Watch
32:49 Castle Age
31:22 Forging
31:48 Bloodlines
32:25 Scale Mail Armor
33:09 Light Cavalry
33:50 Husbandry
34:00 Double-Bit Axe
34:52 Bow Saw
35:01 Squires
35:50 Heavy Plow
38:08 Ballistics
40:02 Stone Mining
42:25 Bodkin Arrow
43:25 Murder Holes
45:44 Masonry
Etheling
6:38 Loom
16:24 Feudal Age
16:52 Double-Bit Axe
16:57 Horse Collar
17:00 Fishing Lines
17:45 Gold Mining
19:47 Wheelbarrow
23:04 Castle Age
21:35 Forging
23:33 Scale Barding Armor
24:15 Bow Saw
23:57 Gillnets
24:41 Husbandry
25:28 Iron Casting
26:13 Hand Cart
26:36 Arson
30:42 Chain Barding Armor
31:57 Heavy Plow
33:18 Gold Shaft Mining
35:00 Stone Mining
36:44 Stone Shaft Mining
39:44 Imperial Age
37:27 Masonry
40:27 Fortified Wall
40:14 Murder Holes
40:07 Gambesons
40:23 Squires
39:49 Cavalier
40:31 Fletching
41:47 Conscription
43:50 Architecture
49:23 Two-Man Saw
Mikey-R2R
14:56 Feudal Age
15:58 Horse Collar
16:34 Double-Bit Axe
19:46 Loom
23:26 Castle Age
23:11 Wheelbarrow
22:35 Fishing Lines
23:08 Fletching
24:48 Gold Mining
28:35 Arson
32:10 Bow Saw
34:35 Ballistics
34:21 Elite Skirmisher
39:45 Heavy Plow
41:57 Husbandry
42:10 Bloodlines
47:25 Scale Barding Armor
48:42 Chain Barding Armor
51:21 Imperial Age
50:07 Thumb Ring
50:05 Bodkin Arrow
50:12 Padded Archer Armor
Connection lost

Rejoining the realm…

Still unreachable

The connection could not be restored.

Session expired

The server has moved on; the page needs a fresh start.